 Dungeon Crawl Stone Soup version 0.32-a0-86-g8db1b9f803 (webtiles) character file.

Game seed: 5290266295908539716

1869 cforsyth the Fighter (level 9, -3/71 HPs)
             Began as a Djinni Warper on Feb 5, 2024.
             Was a High Priest of Ignis.
             Slain by a mummy (16 damage)
             ... in an ossuary.
             The game lasted 00:12:19 (7641 turns).

cforsyth the Fighter (Djinni Warper)                Turns: 7641, Time: 00:12:20

Health: -3/71      AC:  3    Str: 10    XL:     9   Next: 35%
Gold:   249        EV: 12    Int: 18    God:    Ignis [*****.] SH:  0 Dex: 14

rFire   + + +        w - +2 dagger (venom)
rCold   x . .        (no shield)
rNeg    . . .        b - +0 leather armour
rPois   ∞            (no helmet)
rElec   .            (no cloak)
rCorr   .            (no gloves)
SInv    .            (boots unavailable)
Will    .....        u - amulet of the acrobat
Stlth   +            (no ring)
HPRegen 0.31/turn    (no ring)
MPRegen 0.00/turn

%: acrobat, infuse magic (-4 HP)
@: flying
A: sickness immunity, fire resistance 2, cold vulnerability 1, float, innate
caster, HP casting, extra vitality 1
a: Renounce Religion, Fiery Armour, Foxfire Swarm, Rising Flame


You were in an ossuary.
You worshipped Ignis.
Ignis was extremely pleased with you.
You visited 1 branch of the dungeon, and saw 7 of its levels.
You also visited: Ossuary.

You collected 249 gold pieces.

Inventory:

Hand Weapons
 a - a +0 falchion
 s - the +0 flail of Efausmu {speed, Fly rF+++ Int-5 Dex+3}
   (You found it on level 4 of the Dungeon)

   Int-5:     It affects your intelligence (-5).
   Dex+3:     It affects your dexterity (+3).
   rF+++:     It renders you almost immune to fire.
   Fly:       It grants you flight.
 w - a +2 dagger of venom (weapon)
Missiles
 d - 7 darts of dispersal
Armour
 b - a +0 leather armour (worn)
Jewellery
 u - an amulet of the acrobat (around neck)
Scrolls
 c - 2 scrolls of blinking
 f - 3 scrolls of fog
 h - 2 scrolls of revelation
 i - 10 scrolls of teleportation {unknown}
 k - a scroll of immolation
 m - a scroll of enchant weapon
 p - 3 scrolls of poison
 t - a scroll of torment
Potions
 e - a potion of brilliance
 g - a potion of ambrosia {unknown}
 j - 4 potions of might
 o - 4 potions of heal wounds
 r - a potion of resistance
 v - a potion of berserk rage


   Skills:
 + Level 8.6 Fighting
 - Level 1.7 Long Blades
 - Level 0.7 Throwing
 - Level 1.0 Armour
 - Level 2.1 Dodging
 + Level 6.9 Spellcasting
 + Level 6.9 Conjurations
 + Level 6.9 Hexes
 + Level 6.9 Summonings
 + Level 6.9 Necromancy
 + Level 6.9 Translocations
 + Level 6.9 Fire Magic
 + Level 6.9 Ice Magic
 + Level 6.9 Air Magic
 + Level 6.9 Earth Magic
 + Level 6.9 Alchemy


You knew the following spells:

 Your Spells              Type           Power      Damage    Failure   Level
a - Blink                 Tloc           62%        N/A       1%          2
b - Lesser Beckoning      Tloc           62%        N/A       1%          2
c - Teleport Other        Tloc           31%        N/A       2%          3
d - Manifold Assault      Tloc           31%        N/A       9%          4
e - Vhi's Electric Charg  Tloc/Air       62%        N/A       9%          4
f - Freeze                Ice            100%       1d10      1%          1
g - Jinxbite              Hex            62%        N/A       1%          2
h - Swiftness             Air            31%        N/A       2%          3
i - Gell's Gravitas       Tloc           31%        N/A       2%          3
Your spell library was empty.

Dungeon Overview and Level Annotations

Branches:
Dungeon (7/15)             Temple (0/1) D:5         Ossuary (1/1)

Altars:
Cheibriados
Qazlal
Ignis

Shops:
D:4 [   D:5 :

Annotations:
D:3 exclusion: statue
D:7 Pikel


Innate Abilities, Weirdness & Mutations

You are immune to sickness and miasma.
You are immune to poison.
Your flesh is very heat resistant. (rF++)
You are vulnerable to cold. (rC-)
You float through the air rather than walking.
You learn spells naturally, not from books.
Your magical power is your life essence.
You have superior vitality. (+4 MHP)


Message History

You hit the mummy.
The mummy is lightly damaged.
The mummy barely misses you.
You hit the mummy.
The mummy is lightly damaged.
You hit the mummy.
The mummy is moderately damaged.
The mummy hits you!
You hit the mummy but do no damage.
The mummy is moderately damaged.
You hit the mummy.
The mummy is heavily damaged.
The mummy hits you.
You hit the mummy.
The mummy is heavily damaged.
You barely miss the mummy.
The mummy is heavily damaged.
The mummy hits you!
You hit the mummy.
The mummy is severely damaged.
The mummy hits you!
You are too injured to fight recklessly!
You are too injured to fight recklessly!
You are too injured to fight recklessly!
You are too injured to fight recklessly!
You are too injured to fight recklessly!
You are too injured to fight recklessly!
You hit the mummy.
The mummy is severely damaged.
You barely miss the mummy.
The mummy is severely damaged.
The mummy hits you!
* * * LOW HITPOINT WARNING * * *
You hit the mummy.
The mummy is severely damaged.
You barely miss the mummy.
The mummy is severely damaged.
The mummy hits you!
You die...
Ignis goes out, and joins you in death.

#..#+ ##..# #..# #..#
#..#+ #..# #...+###
...# #......#### ....#
#.......... .....#
#.......... ......#
#......########......#
#...#### #.M@.###+...#
#..## #.####....+#..#
#..# +..........#..#
#..## #.####....'#..#
#...#### #..'.###'...#
#......########......#
#....................#
#....................#
######################


You could see a mummy.

Vanquished Creatures
  A gargoyle (D:7)
  Prince Ribbit (D:7)
  An orc warrior (D:7)
  A black bear (D:6)
  A phantom (D:6)
  A weeping skull (Ossuary)
  A bullfrog (D:6)
  A scorpion (D:5)
  6 bombardier beetles
  A centaur zombie (Ossuary)
  A jelly (D:6)
  4 hounds
  A human zombie (Ossuary)
  An orc priest (D:7)
  5 iguanas
  A sleepcap (D:6)
  5 orc wizards
  A mummy (D:7)
  7 adders
  2 shadow imps (D:6)
  3 adder zombies (Ossuary)
  3 dart slugs
  2 ribbon worms
  23 orcs
  2 bats (D:3)
  5 endoplasms
  A giant cockroach (D:3)
  A gnoll zombie (Ossuary)
  6 hobgoblins
  7 jackals (D:1)
  A quokka (D:3)
  4 ball pythons
  5 ball python zombies (Ossuary)
  2 frilled lizards
  7 goblins
  3 jackal zombies (Ossuary)
  5 kobolds
  4 kobold zombies (Ossuary)
  An orc zombie (Ossuary)
  7 rats
135 creatures vanquished.

Notes
Turn   | Place    | Note
-------+----------+-------------------------------------------
     0 | D:1      | cforsyth the Djinni Warper began the quest for the Orb.
     0 | D:1      | cforsyth set off with the following spells memorised:
                  | Blink, Lesser Beckoning, Teleport Other, Manifold Assault,
                  | Vhi's Electric Charge.
     0 | D:1      | Reached XP level 1. HP: 18/18 MP: 0/0
   241 | D:1      | Reached XP level 2. HP: 14/23 MP: 0/0
   787 | D:1      | Reached XP level 3. HP: 27/29 MP: 0/0
   787 | D:1      | Learned a level 1 spell: Freeze
  1059 | D:2      | Found a faded altar of an unknown god.
  1218 | D:2      | Prayed at the altar of an unknown god.
  1218 | D:2      | Became a worshipper of Ignis, the Dying Flame
  1271 | D:2      | Reached skill level 3 in Fighting
  1831 | D:3      | Reached XP level 4. HP: 34/35 MP: 0/0
  2180 | D:3      | Noticed a charred statue
  2668 | D:4      | Found a transporter.
  2686 | D:4      | Found Hoelapri's Armour Shop.
  2761 | D:4      | Reached XP level 5. HP: 26/41 MP: 0/0
  2761 | D:4      | Learned a level 2 spell: Jinxbite
  3057 | D:4      | Reached skill level 4 in Fighting
  3107 | D:4      | Reached XP level 6. HP: 43/48 MP: 0/0
  3329 | D:4      | Found a transporter.
  3383 | D:4      | Found a stormy altar of Qazlal.
  3536 | D:4      | Found a snail-covered altar of Cheibriados.
  3610 | D:5      | Entered Level 5 of the Dungeon
  3830 | D:5      | Reached skill level 5 in Fighting
  3863 | D:5      | Reached XP level 7. HP: 50/54 MP: 0/0
  3863 | D:5      | Learned a level 3 spell: Swiftness
  3901 | D:5      | Found Kurus's Self-Improvement Boutique.
  4418 | D:5      | Reached skill level 5 in Spellcasting
  4418 | D:5      | Reached skill level 5 in Conjurations
  4418 | D:5      | Reached skill level 5 in Hexes
  4418 | D:5      | Reached skill level 5 in Summonings
  4418 | D:5      | Reached skill level 5 in Necromancy
  4418 | D:5      | Reached skill level 5 in Translocations
  4418 | D:5      | Reached skill level 5 in Fire Magic
  4418 | D:5      | Reached skill level 5 in Ice Magic
  4418 | D:5      | Reached skill level 5 in Air Magic
  4418 | D:5      | Reached skill level 5 in Earth Magic
  4418 | D:5      | Reached skill level 5 in Alchemy
  4605 | D:5      | Found a staircase to the Ecumenical Temple.
  4791 | D:5      | Reached skill level 6 in Fighting
  5319 | D:4      | Identified the +0 flail of Efausmu {speed, Fly rF+++ Int-5
                  | Dex+3}
  5646 | D:6      | Reached XP level 8. HP: 56/61 MP: 0/0
  6133 | D:6      | Reached skill level 7 in Fighting
  6753 | D:7      | Noticed a gargoyle
  6778 | D:7      | Noticed Pikel
  6812 | D:7      | Noticed Prince Ribbit
  6822 | D:7      | Killed Prince Ribbit
  6823 | D:7      | Reached XP level 9. HP: 21/70 MP: 0/0
  6823 | D:7      | Learned a level 3 spell: Gell's Gravitas
  6934 | D:7      | Killed a gargoyle
  6935 | D:7      | Reached skill level 8 in Fighting
  6956 | D:7      | Found a sand-covered staircase.
  7038 | Ossuary  | Entered an ossuary
  7641 | Ossuary  | Slain by a mummy

Illustrated notes

Levels and vault maps discovered:
D:1:      dpeg_arrival_tiny_d, layout_loops_ring
D:2:      minmay_skewed_foursquare, layout_loops_ring,
          chequers_ecumenical_altar_simple
D:3:      layout_loops_corners, vehumet_statue
D:4:      gammafunk_cloud_chamber, layout_basic,
          mainiacjoe_overflow_small_starburst, chei_slow_surprise,
          kennysheep_small_square
D:5:      layout_cave_pods, marbit_many_paths, minmay_temple_entry_arrows,
          nicolae_shop_self_help
D:6:      layout_rooms
D:7:      layout_basic, mainiacjoe_overflow_boulevard,
          gup_ossuary_entry_pyramid, minmay_a_box_with_orc_wizards_in_it,
          uniq_prince_ribbit1, uniq_pikel
Ossuary:  minmay_ossuary_two_tombs

Skill      XL: |  1  2  3  4  5  6  7  8  9 |
---------------+----------------------------+-----
Spellcasting   | 3 4 5 6 |  6.9
Conjurations   | 3 4 5 6 |  6.9
Hexes          | 3 4 5 6 |  6.9
Summonings     | 3 4 5 6 |  6.9
Necromancy     | 3 4 5 6 |  6.9
Translocations | 3 4 5 6 |  6.9
Fire Magic     | 3 4 5 6 |  6.9
Ice Magic      | 3 4 5 6 |  6.9
Air Magic      | 3 4 5 6 |  6.9
Earth Magic    | 3 4 5 6 |  6.9
Alchemy        | 3 4 5 6 |  6.9
Fighting       | 3 4 5 6 7 8 |  8.6
Long Blades    | |  1.7
Throwing       | |  0.7
Armour         | |  1.0
Dodging        | |  2.1

Action                     |  1- 3 |  4- 6 |  7- 9 || total
---------------------------+-------+-------+-------++-------
  Melee: Falchion          |    66 |     7 |     9 ||    82
         Punch             |     1 |       |    19 ||    20
         Dagger            |       |       |   172 ||   172
   Cast: Freeze            |    25 |    75 |   140 ||   240
         Teleport Other    |       |       |     8 ||     8
         Blink             |       |       |     1 ||     1
  Evoke: Wand              |       |       |    17 ||    17
    Use: Scroll            |       |     5 |     8 ||    13
         Potion            |       |       |     1 ||     1
 Armour: Leather armour    |    50 |    33 |   176 ||   259
  Dodge: Dodged            |    45 |    35 |   183 ||   263

Table legend: (Time is in decaauts)
 A = Elapsed time spent in this place.
 B = Non-inter-level travel time spent in this place.
 C = Inter-level travel time spent in this place.
 D = Time resting spent in this place.
 E = Time spent auto-exploring this place.
 F = Levels seen in this place.
 G = Mean time per level.
                   A        B        C        D        E       F      G
               +--------+--------+--------+--------+--------+-----+--------+
         Total |   7652 |   7396 |    256 |   1173 |   4790 |   8 |  956.5 |
       Dungeon |   7059 |   6803 |    256 |    976 |   4717 |   7 | 1008.4 |
       Ossuary |    593 |    593 |      0 |    197 |     73 |   1 |  593.0 |
               +--------+--------+--------+--------+--------+-----+--------+

Top non-repeatable levels by time:
     D:5: 1740 daAuts
     D:4: 1332 daAuts
     D:6: 1035 daAuts
     D:3: 919 daAuts
     D:1: 874 daAuts
     D:2: 865 daAuts
 Ossuary: 593 daAuts
     D:7: 291 daAuts
